 Dungeon Crawl Stone Soup version 0.28-a0-1227-ga9037bb4c8 (webtiles) character file.

Game seed: 16719196702354708319

194 siradein the Skirmisher (level 5, 0/47 HPs)
             Began as a Draconian Monk on Dec 22, 2021.
             Slain by an ogre (17 damage)
             ... on level 4 of the Dungeon.
             The game lasted 00:02:56 (3294 turns).

siradein the Skirmisher (Draconian Monk)            Turns: 3294, Time: 00:02:56

Health: 0/47       AC:  5    Str: 15    XL:     5   Next: 44%
Magic:  5/5        EV: 13    Int: 11    God:
Gold:   132        SH:  0    Dex: 13    Spells: 4/4 levels left

rFire   . . .      SeeInvis .   a - +0 falchion
rCold   . . .      Faith    .   (no shield)
rNeg    . . .      Spirit   .   (armour unavailable)
rPois   .          Reflect  .   (helmet restricted)
rElec   .          Harm     .   (no cloak)
rCorr   .          Rampage  .   (no gloves)
Will    .....                   (no boots)
Stlth   ++........              (no amulet)
HPRegen 0.15/turn               (no ring)
MPRegen 0.09/turn               (no ring)

@: no status effects
A: AC +5, unfitting armour, cold-blooded
a: no special abilities


You were on level 4 of the Dungeon.
You visited 1 branch of the dungeon, and saw 4 of its levels.

You collected 132 gold pieces.

Inventory:

Hand Weapons
 a - a +0 falchion (weapon)
Scrolls
 b - a scroll of immolation {unknown}
 f - a scroll of teleportation {unknown}
 i - a scroll of vulnerability {unknown}
 j - a scroll of acquirement {unknown}
 k - 2 scrolls of magic mapping
Potions
 c - a potion of lignification {unknown}
 d - a potion of degeneration {unknown}
 e - a potion of mutation {unknown}
 g - a potion of might {unknown}
 h - a potion of berserk rage {unknown}


   Skills:
 + Level 4.7 Fighting
 + Level 4.3 Long Blades
 + Level 3.9 Dodging
 - Level 1.7 Stealth


You had 4 spell levels left.
You didn't know any spells.
Your spell library was empty.

Dungeon Overview and Level Annotations

Branches:
Dungeon (4/15)
 Temple: D:4-7

Altars:
Ru
Trog

Shops:
D:2 *   D:4 (


Innate Abilities, Weirdness & Mutations

Your plain brown scales are hard. (AC +5)
You cannot fit into any form of body armour.
You are cold-blooded and may be slowed by cold attacks.


Message History

The iguana misses you.
You closely miss the iguana.
Your tail-slap misses the iguana.
The iguana is almost dead.
The iguana completely misses you.
You hit the iguana.
You kill the iguana!
No target in view!
As you read the scroll labelled NAJUEVI LOOW, it crumbles to dust.
You feel aware of your surroundings.
You sensed 6 altars.
It was a scroll of magic mapping.
Found a sacrificial altar of Ru.
You see here an iguana corpse.
An ogre comes into view. It is wielding a +0 giant club.
An ogre is nearby!
An ogre is nearby!
An ogre is nearby!
Found 26 arrows.
The ogre shouts!
You slash the ogre!
The ogre is moderately wounded.
The ogre hits you with a +0 giant club!!
You hit the ogre. You tail-slap the ogre.
The ogre is heavily wounded.
The ogre closely misses you.
You barely miss the ogre.
Your tail-slap misses the ogre.
The ogre is heavily wounded.
The ogre closely misses you.
You hit the ogre but do no damage.
The ogre is heavily wounded.
The ogre hits you with a +0 giant club!
You are too injured to fight recklessly!
You are too injured to fight recklessly!
You are too injured to fight recklessly!
Found a bloodstained altar of Trog.
Found a falchion.
You see here an iguana corpse.
You hit the ogre.
The ogre is heavily wounded.
The ogre hits you with a +0 giant club!
You die...

*,,,,,........# #.#
******####.##.###.#
#........#
####†##### #.# #.#
#.# ##### #O#
#...####### #@#
#.#.......# ##.##
#...#####.###...##
##.##
#.##.....#####*****
####.###
#.###.........,,,,*
.......#
#.####...####****,*
≈≈≈≈.#.# #......#.#
#.* ≈....#.#
######...# #.#
≈≈≈≈...# *#+### #.#


You could see an ogre.

Vanquished Creatures
  A howler monkey (D:4)
  2 iguanas (D:4)
  3 adders
  An adder skeleton (D:4)
  A worm (D:3)
  4 dart slugs
  An orc (D:3)
  7 ball pythons
  6 bats
  7 endoplasms
  A giant cockroach (D:2)
  9 goblins
  8 hobgoblins
  2 quokkas (D:1)
  A frilled lizard (D:1)
  4 kobolds
  4 rats
62 creatures vanquished.

Notes
Turn   | Place    | Note
-------+----------+-------------------------------------------
     0 | D:1      | siradein the Draconian Monk began the quest for the Orb.
     0 | D:1      | Reached XP level 1. HP: 19/19 MP: 1/1
   214 | D:1      | Found a faded altar of an unknown god.
   229 | D:1      | Reached XP level 2. HP: 26/26 MP: 2/2
   784 | D:2      | Found Rumy's Assorted Antiques.
  1064 | D:2      | Reached XP level 3. HP: 15/33 MP: 3/3
  2228 | D:3      | Reached XP level 4. HP: 40/40 MP: 4/4
  2924 | D:4      | Found Moffyodu's Weapon Boutique.
  3101 | D:4      | Reached XP level 5. HP: 38/47 MP: 5/5
  3266 | D:4      | Found a sacrificial altar of Ru.
  3274 | D:4      | Noticed an ogre
  3283 | D:4      | Found a bloodstained altar of Trog.
  3294 | D:4      | Slain by an ogre

Illustrated notes

Levels and vault maps discovered:
D:1:      ebering_hopf_link, layout_basic, basic_ecumenical_altar
D:2:      layout_loops_corners, serial_shops, shop
D:3:      layout_loops_ring
D:4:      layout_loops_corners, mainiacjoe_overflow_concentric_impassable,
          grunt_temple_overflow_open, serial_shops, nicolae_shop_hallway_plus,
          chequers_serial_rivers_micro_d

Skill      XL: |  1  2  3  4 |
---------------+-------------+-----
Dodging        | 3 |  3.9
Fighting       | 4 |  4.7
Long Blades    | 4 |  4.3
Stealth        | |  1.7

Action                   |  1- 3 |  4- 6 || total
-------------------------+-------+-------++-------
Melee: Falchion          |   104 |    87 ||   191
       Tailslap          |     9 |    15 ||    24
  Use: Scroll            |       |     1 ||     1
 Stab: Sleeping          |     9 |     1 ||    10
Armor: Skin              |    23 |    28 ||    51
Dodge: Dodged            |    62 |    63 ||   125

Table legend: (Time is in decaauts)
 A = Elapsed time spent in this place.
 B = Non-inter-level travel time spent in this place.
 C = Inter-level travel time spent in this place.
 D = Time resting spent in this place.
 E = Time spent auto-exploring this place.
 F = Levels seen in this place.
 G = Mean time per level.
                   A        B        C        D        E       F      G
               +--------+--------+--------+--------+--------+-----+--------+
         Total |   3319 |   3264 |     55 |    159 |   2582 |   4 |  829.8 |
       Dungeon |   3319 |   3264 |     55 |    159 |   2582 |   4 |  829.8 |
               +--------+--------+--------+--------+--------+-----+--------+

Top non-repeatable levels by time:
     D:2: 1376 daAuts
     D:1: 792 daAuts
     D:3: 615 daAuts
     D:4: 534 daAuts
